[Event "*** Titled Tuesday 3|2 Blitz"]
[Site "Chess.com"]
[Date "2016.05.03"]
[Round "2"]
[White "YuriyKrykun"]
[Black "AndrewMcStone"]
[Result "0-1"]
[WhiteElo "2292"]
[BlackElo "1974"]
[TimeControl "180+2"]
[EndTime "11:20:44 PDT"]
[Termination "AndrewMcStone won by resignation"]

1. Nf3 f5 2. g3 Nf6 3. Bg2 e6 4.
O-O Be7 5. c4 O-O 6. b3 d6 7. d4 Ne4 8. Bb2 Bf6 9. Nbd2 Nc6 10.
e3 Qe8 11. Nxe4 fxe4 12. Nd2 d5 13. f3 exf3 14. Bxf3 dxc4 15. bxc4 e5 16. d5 Ne7 17.
Ne4 Bh3 18. Bg2 Bxg2 19. Kxg2 Qg6 20. Qb1 Nf5 21. Qd3 Rad8 22. Kg1 Kh8 23. Nxf6 Rxf6 24.
Bxe5 Rf7 25. Rf3 Nh4 26. Rxf7 Qxd3 27. Raf1 Qxe3+ 28. Kh1 Qe4+ 29. R1f3 Nxf3 30. Bxg7+ Kg8 31. Rf4 Qe2 0-1

[Event "*** Titled Tuesday 3|2 Blitz"]
[Site "Chess.com"]
[Date "2016.05.03"]
[Round "2"]
[White "flavettes"]
[Black "underdogchss"]
[Result "0-1"]
[WhiteElo "2378"]
[BlackElo "2377"]
[TimeControl "180+2"]
[EndTime "11:20:48 PDT"]
[Termination "underdogchss won by resignation"]

1. d4 Nf6 2. Nf3 e6 3. c4 b6 4. a3 Ba6 5. Qa4 Bb7 6. Nc3 c5 7. d5 exd5 8. cxd5 Nxd5 9. e4 Nxc3 10. bxc3 Be7 11. Bd3 O-O 12. O-O d6 13. Bf4 Nc6 14. Rad1 Qc7 15. Bc4 Rad8 16. Bd5 Ne5 17. Bxe5 dxe5 18.
Qxa7 Rxd5 19. Rxd5 Ra8 20. Qxa8+ Bxa8 21. Rxe5 f6 22. Rh5 Bxe4 23. Nd2 Bg6 24. Rh4 f5 25. Ra4 Bd6 26. Ra8+ Kf7 27. Nf3 h6 28. Re1 Bh5 29. Nh4 Bxh2+ 30. Kh1 Bg4 31. Rae8 Bd6 32. g3 Qc6+ 33.
Kh2 Qxe8 0-1

[Event "*** Titled Tuesday 3|2 Blitz"]
[Site "Chess.com"]
[Date "2016.05.03"]
[Round "2"]
[White "KyronGriffith"]
[Black "vinceyoung15"]
[Result "1-0"]
[WhiteElo "2317"]
[BlackElo "2142"]
[TimeControl "180+2"]
[EndTime "11:21:00 PDT"]
[Termination "KyronGriffith won by resignation"]

1. Nf3 d5 2. c4 e6 3. g3 Nf6 4. d4 Be7 5. Bg2 O-O 6. O-O c6 7.
Qc2 Nbd7 8. Rd1 b6 9. Nbd2 Bb7 10. b3 Rc8 11. Bb2 c5 12. Rac1 Qc7 13. cxd5 Nxd5 14.
e4 Nb4 15. Qb1 Qb8 16. a3 Na6 17. Nc4 Qa8 18. d5 exd5 19. exd5 Bxd5 20. Rxd5 Qxd5 21. Rd1 Qe6 22. Re1 Qg6 23. Qxg6 hxg6 24. Rxe7 Rfd8 25.
Bh3 Nab8 26. Nd6 Rc6 27. Nxf7 Rf8 28. N3e5 Nxe5 29. Nxe5 Rcf6 30. f4 Rd6 31. Nc4 Rd1+ 32. Kf2 Rf7 33. Be6 1-0

[Event "*** Titled Tuesday 3|2 Blitz"]
[Site "Chess.com"]
[Date "2016.05.03"]
[Round "2"]
[White "GMVladimir_Petkov"]
[Black "Pomoc"]
[Result "1-0"]
[WhiteElo "2125"]
[BlackElo "2079"]
[TimeControl "180+2"]
[EndTime "11:21:05 PDT"]
[Termination "GMVladimir_Petkov won by resignation"]

1. d4 Nf6 2. c4 g6 3. Nc3 d5 4.
Nf3 Bg7 5. Bg5 Ne4 6. Bh4 Nxc3 7. bxc3 dxc4 8. e3 Be6 9. Be2 Nd7 10. a4 a5 11. O-O Nb6 12. Nd2 O-O 13. Qc2 f5 14.
Rfb1 Qe8 15. Bf3 Rb8 16. Bg3 Qd7 17. Rb5 g5 18. Rxa5 g4 19. Be2 Ra8 20. Rxa8 Rxa8 21.
a5 Qc6 22. Ra2 Nc8 23. f3 h5 24. Qa4 Qxa4 25. Rxa4 b5 26. axb6 Nxb6 27. Rxa8+ Nxa8 28. Bxc4 Kf7 29. e4 Bxc4 30. Nxc4 Nb6 31. Nxb6 cxb6 32.
Kf2 Ke6 33. Ke3 Bh6+ 34. Kd3 fxe4+ 35. fxe4 Kd7 36. c4 e6 37. d5 exd5 38. exd5 Bg5 39. Bf2 Bd8 40. Ke4 Kd6 41. Bd4 Kd7 42. Kf5 Kd6 43.
Kg6 h4 44. Kf5 g3 45. hxg3 hxg3 46. Ke4 Kd7 47. Be5 Bc7 48. Bxc7 Kxc7 49. Ke5 1-0

[Event "*** Titled Tuesday 3|2 Blitz"]
[Site "Chess.com"]
[Date "2016.05.03"]
[Round "2"]
[White "Rikikits"]
[Black "LyonBeast"]
[Result "0-1"]
[WhiteElo "2506"]
[BlackElo "2770"]
[TimeControl "180+2"]
[EndTime "11:21:06 PDT"]
[Termination "LyonBeast won by resignation"]

1. e4 c5 2. Nf3 d6 3. d4 cxd4 4. Nxd4 Nf6 5. Nc3 a6 6. h3 e6 7.
g4 h6 8. Be3 Nc6 9. Qf3 Ne5 10.
Qg3 b5 11. f4 b4 12. fxe5 dxe5 13. O-O-O exd4 14. Bxd4 bxc3 15. Bxc3 Bd7 16. Bg2 Rc8 17. e5 Nd5 18. Bxd5 exd5 19. Rxd5 Qc7 20. Rhd1 Be6 21. Rd6 Be7 22. h4 Qc4 23. g5 hxg5 24. hxg5 Rh3 25. Qg2 Rxc3 26. bxc3 Qxc3 27. R6d3 0-1

[Event "*** Titled Tuesday 3|2 Blitz"]
[Site "Chess.com"]
[Date "2016.05.03"]
[Round "2"]
[White "Kawhi_Leonard2"]
[Black "A-Fier"]
[Result "1-0"]
[WhiteElo "2066"]
[BlackElo "2549"]
[TimeControl "180+2"]
[EndTime "11:21:10 PDT"]
[Termination "Kawhi_Leonard2 won by resignation"]

1. e4 c5 2. Nf3 e6 3. d4 cxd4 4. Nxd4 Nf6 5. Nc3 d6 6. Be2 Be7 7. O-O O-O 8. f4 Nc6 9. Be3 Bd7 10. Kh1 a6 11. Bf3 Rc8 12. a4 Na5 13. Qe1 Nc4 14. Bc1 e5 15. Nf5 Bxf5 16. exf5 exf4 17. Bxb7 Rc5 18.
Rxf4 d5 19. Bxa6 Bd6 20. Rf1 Re8 21. Qh4 Be5 22. Bb5 Rf8 23. Rd1 d4 24. Ne4 Nxe4 25.
Qxe4 Nd6 26. Qd3 Qh4 27. g3 Qh3 28. b4 Rc3 29. Qf1 Qh5 30. Bf4 Rf3 31. Qg2 Bxf4 32. Be2 Be3 33. Qxf3 Qg5 34. Bd3 h5 35. a5 h4 36. a6 hxg3 37. hxg3 Nc8 38. a7 Nxa7 39. Rxa7 Qh6+ 40. Kg2 Qb6 41. Ra8 Qxb4 42. Rxf8+ Kxf8 43. f6 gxf6 44. Qxf6 Qb7+ 45. Qf3 Qb4 46. Rf1 Qd2+ 47. Kh3 1-0

[Event "*** Titled Tuesday 3|2 Blitz"]
[Site "Chess.com"]
[Date "2016.05.03"]
[Round "2"]
[White "severomorskij"]
[Black "Zlatan56"]
[Result "0-1"]
[WhiteElo "2590"]
[BlackElo "2570"]
[TimeControl "180+2"]
[EndTime "11:21:11 PDT"]
[Termination "Zlatan56 won by resignation"]

1. d4 Nf6 2. c4 g6 3. Nc3 Bg7 4. e4 O-O 5. Bd3 Nc6 6. Nge2 e5 7. d5 Nd4 8. Nxd4 exd4 9. Ne2 c5 10. O-O d6 11.
Ng3 Ng4 12. f4 Qh4 13. h3 Qxg3 14. hxg4 Bxg4 15. Qc2 f5 16. exf5 Bxf5 17. Bxf5 Rxf5 18. Qf2 Qxf2+ 19. Rxf2 Re8 20. Bd2 Rf7 21. Kf1 Rfe7 22. Re1 d3 23. Rxe7 Rxe7 24. b3 Bd4 25. Rf3 Re2 26.
Rxd3 Rf2+ 27. Ke1 Rxg2 28. b4 h5 29. bxc5 Bxc5 30. a3 Kf7 31. Bb4 b6 32. Bxc5 bxc5 33. Rb3 h4 34. Kf1 Rg4 35. Rb7+ Kf6 36. Rxa7 Rxf4+ 37. Kg2 Rxc4 38. a4 Ke5 39. a5 Kxd5 40. a6 Ra4 41. Ra8 g5 42. a7 g4 43. Kh2 Ra2+ 44.
Kg1 g3 0-1

[Event "*** Titled Tuesday 3|2 Blitz"]
[Site "Chess.com"]
[Date "2016.05.03"]
[Round "2"]
[White "MinhGTrAn"]
[Black "jcibarra"]
[Result "1-0"]
[WhiteElo "2630"]
[BlackElo "2522"]
[TimeControl "180+2"]
[EndTime "11:21:12 PDT"]
[Termination "MinhGTrAn won by resignation"]

1. d4 Nf6 2. c4 d6 3. Nc3 e5 4. Nf3 e4 5. Nd2 Bf5 6. e3 c6 7. Be2 d5 8. Qb3 Qd7 9. O-O Bd6 10. f3 exf3 11. Bxf3 h5 12. cxd5 Ng4 13. h3 Bh2+ 14.
Kh1 Bd3 15. Ne2 Ba6 16. Ne4 b6 17. dxc6 Nxc6 18. Bd2 Bb8 19. Rac1 Ne7 20. Ng5 Nf5 21. Qxf7+ Qxf7 22. Nxf7 Bxe2 23. Nxh8 Bxf1 24. hxg4 Ng3+ 25. Kg1 Ba6 26. Bxa8 Ne2+ 27. Kf2 hxg4 28. Rc8+ Bxc8 29. Kxe2 Be6 30. b3 Ke7 31. Ng6+ 1-0

[Event "*** Titled Tuesday 3|2 Blitz"]
[Site "Chess.com"]
[Date "2016.05.03"]
[Round "2"]
[White "swayamsm"]
[Black "D-Prawira"]
[Result "1-0"]
[WhiteElo "2515"]
[BlackElo "2204"]
[TimeControl "180+2"]
[EndTime "11:21:12 PDT"]
[Termination "swayamsm won by resignation"]

1. d4 Nf6 2. Nf3 g6 3. c4 Bg7 4. Nc3 d6 5. e4 O-O 6. Be2 e5 7.
O-O Nbd7 8. Re1 c6 9. Bf1 Re8 10.
d5 cxd5 11. cxd5 a5 12. Nb5 Nc5 13. Nd2 b6 14. Nc4 Bf8 15. f3 Ba6 16. a4 Bxb5 17. axb5 Qc7 18. Be3 Nfd7 19. Ra3 Bg7 20. Qd2 f5 21.
exf5 gxf5 22. Kh1 f4 23. Bf2 Nf6 24. Bd3 Bh6 25. Bf5 Kh8 26. Bh4 Rf8 27. Rc3 a4 28. Qc2 Nh5 29. Nd2 Qg7 30. Ne4 Nxe4 31. Bxe4 Rf7 32. Rc8+ Rxc8 33. Qxc8+ Rf8 34. Qe6 Rg8 35. Re2 Bg5 36. Bf2 Bf6 37. Be1 Qh6 38. Kg1 Rd8 39. Rc2 Qg5 40. Rc7 Ng7 41. Qh3 Nh5 42. Rxh7+ 1-0

[Event "*** Titled Tuesday 3|2 Blitz"]
[Site "Chess.com"]
[Date "2016.05.03"]
[Round "2"]
[White "Indianlad"]
[Black "Colombiano07"]
[Result "0-1"]
[WhiteElo "2640"]
[BlackElo "2251"]
[TimeControl "180+2"]
[EndTime "11:21:18 PDT"]
[Termination "Colombiano07 won by resignation"]

1. d4 Nf6 2. Bg5 e6 3. Nd2 c5 4. e4 cxd4 5. e5 h6 6. Bh4 g5 7. Bg3 Nd5 8. h4 gxh4 9. Rxh4 Nc6 10. Ngf3 Qa5 11. a3 Rg8 12. Bc4 Rxg3 13. fxg3 Ne3 14. Qc1 Nxc4 15. b4 Qd5 16. Ne4 Be7 17.
Qxh6 Kd8 18. Nf6 Bxf6 19. Qxf6+ Kc7 20. Rd1 Ne3 21. Rd2 Qc4 22. Nxd4 Nxd4 23. Rhxd4 Nxc2+ 24. Rxc2 Qxc2 25. Qe7 Qc3+ 26. Rd2 Qxe5+ 27. Kd1 b6 28. Rc2+ Kb7 29. Qd8 a5 30. b5 Rb8 31. a4 Qd4+ 32. Kc1 Qa1+ 33. Kd2 Qd4+ 34. Kc1 Qe5 35. g4 d5 36. g5 d4 37. Rc6 Qe1+ 38. Kb2 Qb4+ 39. Kc1 Qe1+ 40. Kb2 Ka7 41. Qc7+ Ka8 42. Qxf7 Qb4+ 43.
Kc1 Qa3+ 44. Kd2 Qe3+ 45. Kd1 Bb7 46. Rc7 d3 0-1

[Event "*** Titled Tuesday 3|2 Blitz"]
[Site "Chess.com"]
[Date "2016.05.03"]
[Round "2"]
[White "platy3"]
[Black "E-Shaposhnikov"]
[Result "1-0"]
[WhiteElo "2648"]
[BlackElo "2467"]
[TimeControl "180+2"]
[EndTime "11:21:19 PDT"]
[Termination "platy3 won on time"]

1. e4 c5 2. Nf3 e6 3. d4 cxd4 4. Nxd4 a6 5. Bd3 Ne7 6. O-O Nbc6 7. Nxc6 Nxc6 8. f4 Bc5+ 9. Kh1 d6 10. Nd2 b5 11. a4 b4 12. Nf3 Bb7 13. b3 d5 14. Bb2 d4 15. Qe1 O-O 16. Rd1 Qe7 17. e5 f6 18. exf6 Rxf6 19. Ng5 Rh6 20. Qg3 Rf8 21.
Rde1 Qd6 22. Rxe6 Rxe6 23. Nxe6 Rf7 24. Ng5 Re7 25. Bxh7+ Kf8 26. Be4 Qh6 27. Qf3 Ke8 28. Bc1 Kd7 29. f5 Bd6 30. h3 Qh4 31. Bf4 Bxf4 32.
Qxf4 Qxf4 33. Rxf4 Kd6 34. Nf3 1-0

[Event "*** Titled Tuesday 3|2 Blitz"]
[Site "Chess.com"]
[Date "2016.05.03"]
[Round "2"]
[White "Iball95"]
[Black "hellokostya"]
[Result "0-1"]
[WhiteElo "2497"]
[BlackElo "2243"]
[TimeControl "180+2"]
[EndTime "11:21:21 PDT"]
[Termination "hellokostya won by resignation"]

1. e4 c5 2. Nf3 e6 3. g3 Nc6 4. Bg2 Nf6 5. Qe2 e5 6. O-O Be7 7. c3 O-O 8. Rd1 d5 9. exd5 Qxd5 10. Nd4 Nxd4 11. cxd4 Qxd4 12. h3 Bf5 13. d3 Rad8 14.
Nc3 Bxd3 15. Qe1 e4 16. Be3 Qb4 17. b3 Rfe8 18. Rac1 Bf8 19. Bd2 Qd4 20. Be3 Qe5 21. Ne2 b6 22. Nf4 g6 23. Bd2 Bg7 24. Bc3 Qc7 25.
b4 c4 26. h4 Nd5 27. Nxd5 Rxd5 28. Bxg7 Kxg7 29. Qe3 Qe5 30. a4 Qd4 31. Kh2 Qxe3 32. fxe3 f5 33. Rc3 Kf6 34. Rd2 h6 35. Rf2 Ke5 36.
Bh3 Rf8 37. Kg2 g5 38. hxg5 hxg5 39. Kg1 f4 40. gxf4+ gxf4 41. exf4+ Rxf4 42. Rg2 Kd4 43. Be6 Rf1+ 44. Kh2 Rh5+ 0-1

[Event "*** Titled Tuesday 3|2 Blitz"]
[Site "Chess.com"]
[Date "2016.05.03"]
[Round "2"]
[White "CraiggoryC"]
[Black "Iwannabetheguy"]
[Result "1-0"]
[WhiteElo "2094"]
[BlackElo "1992"]
[TimeControl "180+2"]
[EndTime "11:21:24 PDT"]
[Termination "CraiggoryC won by resignation"]

1. e4 e5 2. Nf3 Nc6 3. Bc4 Nf6 4. d3 Be7 5. O-O O-O 6. Nc3 d6 7. a3 Bg4 8. h3 Bh5 9. Nd5 Nd4 10. Nxf6+ Bxf6 11. g4 Bg6 12. Nxd4 exd4 13. f4 h6 14. Kg2 c6 15. Bb3 d5 16. e5 Bh4 17. f5 Bh7 18.
Qf3 Bg5 19. Bf4 Bxf4 20. Qxf4 Qg5 21. Qxd4 h5 22. Qf4 Qxf4 23. Rxf4 g5 24. Rf2 h4 25. d4 Rfe8 26. c3 c5 27. Bxd5 cxd4 28. cxd4 Rad8 29. Bxb7 Rxd4 30. Re1 Red8 31. Rc2 Rd2+ 32.
Re2 R2d3 33. Be4 Rg3+ 34. Kh2 a5 35. b4 axb4 36. axb4 Rb8 37. Rb2 Rc3 38. b5 Rc5 39. Bc6 Kf8 40. Rbc2 Rxc2 41. Rxc2 Ke7 42. Rb2 Rb6 43.
Kg2 Bg8 44. Kf3 f6 45. e6 Bxe6 46. fxe6 Kxe6 47. Ke4 Rb8 48. b6 Rd8 49. b7 Rb8 50. Bd5+ Kd6 51. Rc2 1-0

[Event "*** Titled Tuesday 3|2 Blitz"]
[Site "Chess.com"]
[Date "2016.05.03"]
[Round "2"]
[White "Zazuliak"]
[Black "chesstatour"]
[Result "1-0"]
[WhiteElo "2366"]
[BlackElo "2024"]
[TimeControl "180+2"]
[EndTime "11:21:36 PDT"]
[Termination "Zazuliak won on time"]

1. d4 Nf6 2. c4 g6 3. Nc3 d5 4.
cxd5 Nxd5 5. Bd2 Bg7 6. e4 Nxc3 7.
Bxc3 c5 8. d5 Bxc3+ 9. bxc3 O-O 10.
c4 Qa5+ 11. Qd2 Qxd2+ 12. Kxd2 Rd8 13. Kc3 e6 14. Nf3 Na6 15. Be2 Rb8 16. Rab1 Nc7 17. Rhd1 exd5 18. exd5 b5 19. a3 Bf5 20. Rb2 a5 21.
Ne5 bxc4 22. Rxb8 Rxb8 23. Bxc4 Nb5+ 24. Bxb5 Rxb5 25. Kc4 Rb8 26. Kxc5 Rc8+ 27. Nc6 Kf8 28. Kb6 Bd7 29. Nxa5 Rc3 30. Nc6 Rxa3 31. Kc7 Be8 32. d6 Bxc6 33. Kxc6 Ke8 34. Re1+ Kd8 35. Re7 Rc3+ 36.
Kd5 Rd3+ 37. Kc5 Rc3+ 38. Kd4 1-0

[Event "*** Titled Tuesday 3|2 Blitz"]
[Site "Chess.com"]
[Date "2016.05.03"]
[Round "2"]
[White "AleksandrNevski"]
[Black "Tesla17"]
[Result "1-0"]
[WhiteElo "2411"]
[BlackElo "2260"]
[TimeControl "180+2"]
[EndTime "11:21:45 PDT"]
[Termination "AleksandrNevski won by resignation"]

1. e4 c5 2. Nf3 g6 3. g3 Bg7 4. Bg2 Nc6 5. O-O e6 6. c3 Nge7 7. d4 d6 8. dxc5 dxc5 9. Qxd8+ Nxd8 10. a4 Ndc6 11. a5 Rb8 12. Bf4 e5 13. Be3 b6 14.
axb6 axb6 15. Na3 O-O 16. Nb5 Be6 17. Nd2 Na5 18. Nc7 Bd7 19. Rfd1 Rfc8 20. Nd5 Nxd5 21.
exd5 f5 22. Bf1 c4 23. Bxb6 Nb3 24. Nxb3 Rxb6 25. Na5 Rxb2 26. Nxc4 Rc2 27. Nb6 Rd8 28. c4 e4 29. Rac1 Rxc1 30. Rxc1 Bd4 31. c5 e3 32.
Nxd7 Rxd7 33. c6 exf2+ 34. Kg2 Rd8 35. c7 Rc8 36. Ba6 1-0

[Event "*** Titled Tuesday 3|2 Blitz"]
[Site "Chess.com"]
[Date "2016.05.03"]
[Round "2"]
[White "ShimanovAlex"]
[Black "vovkcoach"]
[Result "1/2-1/2"]
[WhiteElo "2641"]
[BlackElo "2521"]
[TimeControl "180+2"]
[EndTime "11:21:46 PDT"]
[Termination "Game drawn by repetition"]

1. d4 Nf6 2. Nf3 e6 3. Bf4 b6 4. e3 Bb7 5. Nbd2 Be7 6. Bd3 Nh5 7. O-O Nxf4 8. exf4 O-O 9. Qe2 d6 10. Be4 Bxe4 11. Nxe4 Nd7 12. a4 d5 13. Ned2 Bd6 14.
g3 c5 15. c3 Qc7 16. Rfd1 a6 17. h4 c4 18. Ne5 Nxe5 19. fxe5 Be7 20. Nf3 b5 21.
Qc2 h6 22. axb5 axb5 23. b4 cxb3 24. Qxb3 Qc4 25. Qxc4 bxc4 26. Rdb1 Rxa1 27. Rxa1 Rb8 28. Ra7 Kf8 29. Kf1 Ke8 30. Ng1 Rb1+ 31. Kg2 g5 32. hxg5 hxg5 33. g4 Rb3 34. Ra8+ Kd7 35. Ra7+ Kd8 36.
Ne2 Ra3 37. Rxa3 Bxa3 38. Kf3 Kc7 39. Ke3 Kb6 40. Kd2 Kb5 41. Kc2 Be7 42. Ng3 f6 43.
Nh5 fxe5 44. dxe5 Kc6 45. f4 gxf4 46. Nxf4 Kd7 47. Ne2 Bg5 48. Nd4 Be3 49. Nf3 Ke7 50. Kd1 Kd7 51. Kc2 Kc6 52. Kd1 Bf4 53. Kc2 Kd7 54.
Kd1 Ke7 55. Kc2 Kd7 56. Kd1 Ke7 57. Kc2 Kd7 1/2-1/2

[Event "*** Titled Tuesday 3|2 Blitz"]
[Site "Chess.com"]
[Date "2016.05.03"]
[Round "2"]
[White "Saitama_Hero"]
[Black "Journey_to_GrandMaster_YT"]
[Result "0-1"]
[WhiteElo "2150"]
[BlackElo "2336"]
[TimeControl "180+2"]
[EndTime "11:21:49 PDT"]
[Termination "Journey_to_GrandMaster_YT won by resignation"]

1. d4 d6 2. e4 Nf6 3. Nc3 e5 4. Nf3 Nbd7 5. Bc4 Be7 6. O-O O-O 7. h3 c6 8. a4 Nxe4 9. Nxe4 d5 10. Ng3 dxc4 11. dxe5 Nc5 12. Qe2 Be6 13. Be3 h6 14. Rfd1 Qc7 15. Bd4 Rad8 16. Qe3 b6 17. a5 Rd7 18. axb6 axb6 19. Ne4 Nxe4 20. Qxe4 c5 21. Be3 Rfd8 22. Rxd7 Qxd7 23. Ra6 Bd5 24. Qf4 Qb7 25. Ra1 Ra8 26. Rd1 Ra2 27. Nh4 Bxh4 28. Qxh4 Bxg2 29. Bxh6 gxh6 30. Qg3+ Kh7 31. Qxg2 Qxg2+ 32.
Kxg2 Rxb2 33. Rd6 b5 34. Rd7 Kg6 35. Kg3 Rxc2 36. f4 b4 37. Kg4 h5+ 38. Kf3 b3 39.
Ke4 b2 40. f5+ Kg7 41. Rb7 c3 42. e6 Rc1 43. e7 Re1+ 0-1

[Event "*** Titled Tuesday 3|2 Blitz"]
[Site "Chess.com"]
[Date "2016.05.03"]
[Round "2"]
[White "Aguiar94"]
[Black "chessbia"]
[Result "1-0"]
[WhiteElo "2400"]
[BlackElo "2033"]
[TimeControl "180+2"]
[EndTime "11:22:04 PDT"]
[Termination "Aguiar94 won by resignation"]

1. e4 e5 2. Nf3 Nc6 3. d4 exd4 4.
Nxd4 Bc5 5. Be3 Qf6 6. c3 Nge7 7.
Nc2 Bb6 8. g3 O-O 9. Bg2 d6 10.
O-O Ng6 11. Bxb6 axb6 12. Ne3 Be6 13. f4 Rxa2 14. Rxa2 Bxa2 15. Nd2 Ra8 16. Qc2 b5 17. b3 b4 18. Nd5 Qd8 19. Ra1 bxc3 20. Qxc3 Qb8 21. Qb2 Qa7+ 22. Kh1 b5 23. Nc3 Nb4 24. Nxb5 Qc5 25. Nc3 Qa5 26. Nc4 Qa7 27. e5 d5 28. Nxd5 Nxd5 29. Bxd5 Rd8 30. Rxa2 Qc5 31. Bf3 h5 32. Ra8 Rxa8 33. Bxa8 h4 34. Kg2 Qb4 35. Be4 Qe1 36. Qc2 hxg3 37. hxg3 Ne7 38. Bf3 Nf5 39. Qxf5 g6 40. Qf6 Qb1 41. e6 Qc2+ 42. Kh3 fxe6 43.
Ne5 Qf5+ 44. Qxf5 gxf5 45. Kh4 1-0

[Event "*** Titled Tuesday 3|2 Blitz"]
[Site "Chess.com"]
[Date "2016.05.03"]
[Round "2"]
[White "maciek_92"]
[Black "smurfo"]
[Result "1-0"]
[WhiteElo "2585"]
[BlackElo "2543"]
[TimeControl "180+2"]
[EndTime "11:22:05 PDT"]
[Termination "maciek_92 won by checkmate"]

1. c4 f5 2. g3 Nf6 3. Bg2 e6 4. Nf3 c6 5. O-O d5 6. b3 Bd6 7. Bb2 O-O 8. d3 Nbd7 9. Nc3 f4 10. Rc1 Qe8 11. e4 fxe3 12. fxe3 Qh5 13. Qe2 Ng4 14. d4 Qh6 15. Rce1 Ndf6 16. e4 Nxh2 17. Nxh2 Bxg3 18. Bf3 Bxe1 19. Rxe1 dxe4 20. Nxe4 Nxe4 21.
Bxe4 Bd7 22. Ng4 Qh4 23. Ne5 Rf4 24. Bg2 Raf8 25. Nxd7 Rf2 26. Qxe6+ Kh8 27. Nxf8 Rxb2 28. Qe3 Qg4 29. Qf3 Qxd4+ 30. Kf1 Rxa2 31. Ng6+ hxg6 32. Re8+ Kh7 33. Qh3+ Qh4 34. Qxh4# 1-0

[Event "*** Titled Tuesday 3|2 Blitz"]
[Site "Chess.com"]
[Date "2016.05.03"]
[Round "2"]
[White "tac49"]
[Black "iturrizaga"]
[Result "1/2-1/2"]
[WhiteElo "2579"]
[BlackElo "2546"]
[TimeControl "180+2"]
[EndTime "11:22:13 PDT"]
[Termination "Game drawn by repetition"]

1. e4 c5 2. Nf3 g6 3. d4 cxd4 4. Qxd4 Nf6 5. Nc3 Nc6 6. Qa4 d6 7. e5 dxe5 8. Nxe5 Bg7 9. Nxc6 bxc6 10. Qxc6+ Bd7 11. Qf3 O-O 12. Bd3 Qb6 13. O-O Bc6 14. Qg3 Rfd8 15. Rb1 Rac8 16. Be3 Qb7 17. Rfd1 Nh5 18.
Qh3 Be5 19. Bf1 Rxd1 20. Rxd1 Nf6 21. Bd4 Bxd4 22. Rxd4 Bd7 23. Qd3 Qxb2 24. Nd5 Nxd5 25. Rxd5 Bf5 26. Qa6 Rxc2 27. Qxa7 Kg7 28. Qxe7 Rxf2 29.
Rd8 Be6 30. Qf8+ Kf6 31. Qh8+ Kg5 32. Qxb2 Rxb2 33. a4 Ra2 34. Bb5 h5 35. Rd4 Kf6 36.
Rf4+ Ke5 37. Rf2 Ra3 38. Rf3 Ra1+ 39. Rf1 Ra3 40. Rf3 Ra2 41. Rf2 Ra3 42. Rf3 1/2-1/2

[Event "*** Titled Tuesday 3|2 Blitz"]
[Site "Chess.com"]
[Date "2016.05.03"]
[Round "2"]
[White "Zurability"]
[Black "jlandaw"]
[Result "1-0"]
[WhiteElo "2413"]
[BlackElo "2321"]
[TimeControl "180+2"]
[EndTime "11:22:13 PDT"]
[Termination "Zurability won by resignation"]

1. e4 e5 2. Nf3 Nc6 3. Bc4 Nf6 4. d3 Be7 5. O-O O-O 6. Re1 d6 7. a4 Re8 8. a5 a6 9. Nc3 Bg4 10. h3 Bh5 11. Nd5 Rb8 12. c3 h6 13. b4 Nxd5 14. Bxd5 Bf6 15. g4 Bg6 16. Kg2 Qe7 17. Kg3 Nd8 18. h4 Ne6 19. Bxe6 Qxe6 20. h5 Bh7 21.
Be3 d5 22. Nd2 Rbd8 23. Qb3 Qc6 24. f3 Bg5 25. Bxg5 hxg5 26. Rad1 Rd7 27. exd5 Qf6 28. Ne4 Qf4+ 29. Kg2 f5 30. Nf2 e4 31. dxe4 fxe4 32.
c4 Rf7 33. Re3 Ref8 34. Nxe4 Bxe4 35. Rxe4 Qxf3+ 36. Qxf3 Rxf3 37. Rd2 Rb3 38. c5 Rff3 39. d6 cxd6 40. cxd6 Rbd3 41. Rd4 Rxd2+ 42. Rxd2 Rf8 43. d7 Rd8 44. Kf3 Kf7 45. Ke4 Ke6 46. Rd3 Rxd7 47. Rxd7 Kxd7 48. Kf5 Kc6 49. Kg6 1-0

[Event "*** Titled Tuesday 3|2 Blitz"]
[Site "Chess.com"]
[Date "2016.05.03"]
[Round "2"]
[White "FLchessplayer"]
[Black "Ksenia_Legenko"]
[Result "1-0"]
[WhiteElo "2090"]
[BlackElo "2057"]
[TimeControl "180+2"]
[EndTime "11:22:15 PDT"]
[Termination "FLchessplayer won by checkmate"]

1. e4 c6 2. d4 d5 3. exd5 cxd5 4. Bd3 Nc6 5. c3 Nf6 6. Bf4 Bg4 7. Qb3 Qd7 8. Nd2 e6 9. Ngf3 Bxf3 10. Nxf3 Bd6 11.
Ne5 Qc7 12. O-O O-O 13. Rae1 Rab8 14. Nxc6 bxc6 15. Bxd6 Qxd6 16. Qc2 c5 17. Re3 cxd4 18. cxd4 Rfc8 19. Qb1 Qb4 20. Rh3 g6 21. Rf3 Ne8 22. b3 Qxd4 23. Rd1 Qc3 24. Bxg6 Qg7 25. Bxf7+ Kh8 26.
Bxe6 Rd8 27. Bxd5 Nf6 28. Bc4 Rxd1+ 29. Qxd1 Re8 30. h3 Ne4 31. Re3 Nf6 32. Rxe8+ Nxe8 33. g3 Qe7 34. Qd4+ Nf6 35. a4 Kg7 36. g4 Kg6 37.
Kg2 Qb7+ 38. Kg3 Ne4+ 39. Kf4 Nf6 40. Qd3+ Kg7 41. Qd4 Qg2 42. g5 Qh2+ 43. Ke3 Qxh3+ 44. Kd2 Qf5 45. gxf6+ Kf8 46. Qd8# 1-0

[Event "*** Titled Tuesday 3|2 Blitz"]
[Site "Chess.com"]
[Date "2016.05.03"]
[Round "2"]
[White "Winehouse83"]
[Black "SabinaFoisor"]
[Result "1-0"]
[WhiteElo "2369"]
[BlackElo "2206"]
[TimeControl "180+2"]
[EndTime "11:22:19 PDT"]
[Termination "Winehouse83 won by resignation"]

1. d4 d5 2. c4 e6 3. Nf3 Nf6 4. Nc3 Be7 5. cxd5 exd5 6. Bg5 O-O 7. Qc2 h6 8. Bh4 Nbd7 9. e3 c6 10. Bd3 Re8 11. O-O-O b5 12. Kb1 Nb6 13. Ne5 Bd7 14.
Bf5 Bxf5 15. Qxf5 Qc8 16. Qxc8 Raxc8 17. b3 b4 18. Ne2 Ne4 19. Bxe7 Rxe7 20. Nd3 a5 21. Rc1 a4 22. Rhf1 Nd2+ 23. Kb2 Nxf1 24.
Rxf1 axb3 25. axb3 Nd7 26. Nxb4 Nf6 27. Rc1 Rec7 28.
Nf4 g5 29. Nfd3 Ne4 30. f3 Nd6 31. Ne5 c5 32. Nxd5 Rb7 33. dxc5 Nb5 34. c6 Ra7 35.
Rc5 Nd6 36. c7 Kg7 37. Nc6 Raxc7 38. Nxc7 Rxc7 39. b4 f5 40. Nd4 Rb7 41. Kc3 Kf6 42. Rc6 Ke5 43. g3 Nb5+ 44. Nxb5 Rxb5 45. Rc5+ Rxc5+ 46.
bxc5 Kd5 47. Kb4 f4 48. gxf4 gxf4 49. exf4 h5 50. Kb5 Ke6 51. c6 Kf5 52. c7 Kxf4 53. c8=Q Kxf3 54. Qh3+ 1-0

[Event "*** Titled Tuesday 3|2 Blitz"]
[Site "Chess.com"]
[Date "2016.05.03"]
[Round "2"]
[White "Makalexa"]
[Black "cool64chess"]
[Result "0-1"]
[WhiteElo "2088"]
[BlackElo "2200"]
[TimeControl "180+2"]
[EndTime "11:22:22 PDT"]
[Termination "cool64chess won by resignation"]

1. e4 e6 2. Qe2 c5 3. d3 Nc6 4. c3 d6 5. g3 Nf6 6. Bg2 Be7 7. f4 O-O 8. Nf3 b6 9. O-O Bb7 10.
Nbd2 Re8 11. Ng5 h6 12. e5 dxe5 13. fxe5 hxg5 14. exf6 Bxf6 15. Ne4 Be7 16. Qh5 Ne5 17. Nxg5 Bxg5 18. Bxg5 Qd7 19. Rf4 Bxg2 20. Kxg2 Qxd3 21. Rh4 f6 22. Rf1 Qg6 23. Qh8+ Kf7 24. Rxf6+ Qxf6 25. Bxf6 Rxh8 26. Rxh8 Rxh8 27. Bxe5 Rd8 28. Bf4 Rd1 29.
a3 Rb1 30. b4 Rb3 31. bxc5 bxc5 32. Bd6 Rxc3 33. a4 a5 34. Bc7 Rc4 35. Bxa5 Rxa4 36.
Bc3 Ra3 37. Be1 c4 38. Kf2 Ra2+ 39. Kf3 Rxh2 40. Ke4 Re2+ 0-1

[Event "*** Titled Tuesday 3|2 Blitz"]
[Site "Chess.com"]
[Date "2016.05.03"]
[Round "2"]
[White "Usurpov"]
[Black "kikydu96"]
[Result "0-1"]
[WhiteElo "2336"]
[BlackElo "2293"]
[TimeControl "180+2"]
[EndTime "11:22:25 PDT"]
[Termination "kikydu96 won by resignation"]

1. e4 e5 2. Nf3 Nc6 3. Nc3 Nf6 4. d4 exd4 5. Nxd4 Bb4 6. Nxc6 bxc6 7. Bd3 d5 8. exd5 O-O 9. O-O cxd5 10. Qf3 c6 11. h3 Bd6 12. Bf4 Rb8 13. b3 Re8 14. Rfe1 Be6 15. Na4 Rb4 16. Bxd6 Qxd6 17. Qg3 Qxg3 18.
fxg3 Ne4 19. c3 Rxa4 20. bxa4 Nxc3 21. Rac1 d4 22. Re5 Nxa2 23. Rb1 Nc3 24. Rb7 Nxa4 25.
Ra5 Nc3 26. Raxa7 g6 27. Re7 Rd8 28. g4 Nd5 29. Reb7 Nf4 30. Ra3 Nxd3 31. Rxd3 c5 32. Kf2 c4 33. Rd1 c3 34. Rc7 Bb3 35. Rb1 Bc2 36.
Rbb7 d3 37. Rd7 Rxd7 38. Rxd7 d2 39. Ke2 Kg7 40. g5 Kf8 41. h4 Ke8 42. Rd6 Ke7 43.
Rd4 Ke6 44. g3 Ke5 45. Rd8 Kf5 46. Rd4 d1=Q+ 47. Rxd1 Bxd1+ 0-1